AoeStats
← Michi3052

Nomad

503235366Analyzed
1v1 RM · 1mo ago on Aug 30, 2026· 78m 19s· 2 players
Game mode
Random Map
Map size
126×126
Population
200
Speed
Normal
Resources
Standard
Victory
Conquest
Starting age
Dark Age
Ending age
Imperial Age
RankedLock teamsTeams togetherTeam positionsShared explorationLock speedFull tech treeHidden civsTurbo modeCheats
Victory
Defeat
🇪🇸 Spanish · Spain
787
+13
🇪🇸 Persians · Spain
728
-13
Michi3052
12:49 Loom
16:21 Feudal Age
18:16 Horse Collar
20:36 Bloodlines
22:07 Man-at-Arms
24:36 Double-Bit Axe
28:02 Scale Barding Armor
31:03 Castle Age
30:41 Forging
34:59 Wheelbarrow
36:41 Heavy Plow
45:24 Imperial Age
43:02 Husbandry
42:55 Long Swordsman
43:22 Gambesons
43:38 Squires
44:09 Gold Mining
44:10 Stone Mining
47:39 Gold Shaft Mining
48:11 Conscription
48:40 Fletching
48:50 Padded Archer Armor
49:12 Chain Barding Armor
50:05 Citadels
51:25 Hand Cart
53:12 Cavalier
54:39 Kamandaran
56:27 Crossbowman
57:13 Thumb Ring
58:14 Crop Rotation
60:44 Savar
64:34 Scale Mail Armor
65:10 Plate Barding Armor
64:51 Leather Archer Armor
64:32 Bodkin Arrow
65:13 Iron Casting
65:07 Stone Mining
69:51 Town Watch
70:20 Bow Saw
OLVIDADO2538
7:07 Loom
20:04 Feudal Age
21:21 Wheelbarrow
20:38 Double-Bit Axe
20:42 Town Watch
22:21 Horse Collar
22:37 Gold Mining
27:25 Castle Age
25:52 Stone Mining
25:50 Fishing Lines
28:10 Gillnets
28:43 Bow Saw
28:40 Heavy Plow
30:21 Squires
34:51 Hand Cart
34:03 Pikeman
36:29 Thumb Ring
36:14 Gambesons
37:50 Man-at-Arms
42:27 Fletching
48:54 Ballistics
50:26 Sanctity
52:49 Murder Holes
53:05 Masonry
53:01 Bodkin Arrow
53:07 Padded Archer Armor
56:31 Imperial Age
58:41 Chemistry
57:05 Halberdier
57:12 Elite Skirmisher
60:32 Block Printing
64:30 Supremacy
64:31 Conscription
65:48 Arson
72:40 Bloodlines
77:06 Architecture
76:56 Husbandry
Connection lost

Rejoining the realm…

Still unreachable

The connection could not be restored.

Session expired

The server has moved on; the page needs a fresh start.